AoeStats
← EL LEON

Arabia

510184480Analyzed
1v1 RM · 3d ago on Sep 29, 2026· 38m 56s· 2 players
Game mode
Random Map
Map size
Tiny (2 player)
Population
200
Speed
Normal
Resources
Standard
Victory
Conquest
Starting age
Dark Age
Ending age
Imperial Age
RankedLock teamsTeams togetherTeam positionsShared explorationLock speedFull tech treeHidden civsTurbo modeCheats
Victory
Defeat
🇬🇧 Italians · United Kingdom
1075
+16
🇦🇷 Byzantines · Argentina
1084
-16
AndyT
11:26 Feudal Age
15:51 Castle Age
15:10 Fletching
24:31 Padded Archer Armor
31:56 Ballistics
31:37 Bodkin Arrow
36:12 Imperial Age
39:27 Chemistry
38:34 Bracer
EL LEON
1:02 Loom
11:22 Feudal Age
11:54 Double-Bit Axe
11:53 Horse Collar
20:38 Castle Age
20:40 Elite Skirmisher
21:26 Thumb Ring
31:39 Stone Mining
31:40 Gold Mining
33:29 Redemption
39:19 Imperial Age
Connection lost

Rejoining the realm…

Still unreachable

The connection could not be restored.

Session expired

The server has moved on; the page needs a fresh start.